 Dungeon Crawl Stone Soup version 0.29-a0-90-gc37658a0fe (webtiles) character file.

Game seed: 1834975824390341243

17560 lordive the Blocker (level 12, -7/97 HPs)
             Began as a Gnoll Fighter on Feb 7, 2022.
             Was a High Priest of Okawaru.
             Mangled by a jumping spider (11 damage)
             ... on level 11 of the Dungeon.
             The game lasted 00:21:33 (18045 turns).

lordive the Blocker (Gnoll Fighter)                Turns: 18045, Time: 00:21:34

Health: -7/97      AC:  8    Str: 16    XL:     12   Next: 49%
Magic:  21/23      EV: 17    Int: 11    God:    Okawaru [*****.]
Gold:   1868       SH: 13    Dex: 13    Spells: 23/25 levels left

rFire   . . .      SeeInvis +   T - +7 sceptre of Torment {pain, torment}
rCold   + . .      Faith    .   c - +0 buckler
rNeg    . . .      Spirit   .   X - +2 robe {Will+}
rPois   +          Reflect  +   v - +0 hat of Fallacy {rPois Stlth+}
rElec   .          Harm     .   h - +0 cloak
rCorr   .          Rampage  .   (no gloves)
Will    +....                   r - +0 pair of boots
Stlth   ++++++....              g - amulet of reflection
HPRegen 0.26/turn               o - ring of see invisible
MPRegen 0.18/turn               L - ring of protection from cold

@: heroic
A: fangs 1, strong nose, distributed training
a: Renounce Religion, Heroism, Finesse, Duel


You were on level 11 of the Dungeon.
You worshipped Okawaru.
Okawaru was extremely pleased with you.
You visited 3 branches of the dungeon, and saw 14 of its levels.
You also visited: Sewer.

You collected 1868 gold pieces.

Inventory:

Hand Weapons
 D - a +0 whip of freezing
 I - the +7 trident "Zyqypn" {flame, Str+3}
   (You found it on level 8 of the Dungeon)

   It burns those it strikes, dealing additional fire damage.
   Str:       It affects your strength (+3).
 N - a +0 shortbow
 Q - a +2 dagger of flaming
 T - the +7 sceptre of Torment (weapon) {pain, torment}
   (You found it on level 6 of the Dungeon)

   In the hands of one skilled in necromantic magic, it inflicts extra damage on
   living creatures.
   It occasionally torments all nearby living foes when it strikes in combat.
Missiles
 m - a curare-tipped dart
 s - 5 boomerangs
 w - 364 arrows
 y - 43 poisoned darts
 O - 63 bolts
Armour
 c - a +0 buckler (worn)
 h - a +0 cloak (worn)
 i - a +2 robe of fire resistance
 k - an orb of energy
 r - a +0 pair of boots (worn)
 v - the +0 hat of Fallacy (worn) {rPois Stlth+}
   (Okawaru gifted it to you on level 9 of the Dungeon)

   rPois:     It protects you from poison.
   Stlth:     It makes you more stealthy.
 z - a +4 plate armour
 X - a +2 robe of willpower (worn)
Magical Staves
 J - a staff of conjuration
Jewellery
 g - an amulet of reflection (around neck)
 o - a ring of see invisible (left hand)
 L - a ring of protection from cold (right hand)
 W - a ring of positive energy
Wands
 d - a wand of polymorph (12)
 G - a wand of iceblast (21)
 M - a wand of paralysis (27)
 P - a wand of digging (11)
 S - a wand of flame (23)
 U - a wand of acid (2)
Scrolls
 b - a scroll of identify
 f - a scroll of fear
 l - 7 scrolls of teleportation
 n - a scroll of magic mapping {unknown}
 t - 3 scrolls of immolation
 B - 3 scrolls of vulnerability
 E - a scroll of enchant armour
 F - 4 scrolls of enchant weapon
 H - a scroll of torment
 V - a scroll of fog
Potions
 a - 2 potions of lignification
 e - a potion of invisibility
 j - 2 potions of attraction
 p - a potion of might
 u - a potion of mutation
 x - 4 potions of magic
 A - 3 potions of haste
 C - a potion of cancellation
 K - a potion of ambrosia


   Skills:
 + Level 9.9(14.9) Fighting
 + Level 7.3(12.3) Short Blades
 + Level 7.3(12.3) Long Blades
 + Level 7.3(12.3) Axes
 + Level 7.3(12.3) Maces & Flails
 + Level 8.7(13.7) Polearms
 + Level 7.3(12.3) Staves
 + Level 7.3(12.3) Slings
 + Level 7.3(12.3) Bows
 + Level 7.3(12.3) Crossbows
 + Level 7.3(12.3) Throwing
 + Level 9.9(14.9) Armour
 + Level 7.3(12.3) Dodging
 + Level 7.3(12.3) Stealth
 + Level 9.9(14.9) Shields
 + Level 7.3(12.3) Unarmed Combat
 + Level 7.3 Spellcasting
 + Level 6.1 Conjurations
 + Level 6.1 Hexes
 + Level 6.1 Summonings
 + Level 6.1 Necromancy
 + Level 6.1 Translocations
 + Level 6.1 Transmutations
 + Level 6.1 Fire Magic
 + Level 6.1 Ice Magic
 + Level 6.1 Air Magic
 + Level 6.1 Earth Magic
 + Level 6.1 Poison Magic
 + Level 8.0 Invocations
 + Level 7.3 Evocations


You had 23 spell levels left.
You knew the following spells:

 Your Spells              Type           Power      Damage    Failure   Level
a - Ensorcelled Hibernat  Hex/Ice        34%        N/A       2%          2

Your spell library contained the following spells:

 Spells                   Type           Power      Damage    Failure   Level
 Passwall                 Tmut/Erth      14%        N/A       2%          2
 Sublimation of Blood     Necr           17%        N/A       2%          2
 Wereblood                Tmut           17%        N/A       2%          2
 Inner Flame              Hex/Fire       17%        N/A       4%          3
 Swiftness                Air            17%        N/A       4%          3
 Cause Fear               Hex            8%         N/A       16%         4
 Blade Hands              Tmut           8%         N/A       41%         5
 Iron Shot                Conj/Erth      8%         9d3       94%         6
 Discord                  Hex            8%         N/A       100%        8
 Animate Armour           Summ/Erth      Unusable   N/A       N/A         4
 Summon Hydra             Summ           Unusable   N/A       N/A         7

Dungeon Overview and Level Annotations

Branches:
Dungeon (11/15)            Temple (1/1) D:4            Lair (2/6) D:11
    Orc (0/2) D:9           Sewer (visited)
  Swamp: Lair:2-4    Shoals: Lair:2-4     Snake: Lair:2-4    Spider: Lair:2-4

Altars:
Ashenzari
Cheibriados
Dithmenos
Elyvilon
Fedhas
Gozag
Hepliaklqana
Kikubaaqudgha
Makhleb
Nemelex Xobeh
Okawaru
Qazlal
Ru
Sif Muna
Trog
Uskayaw
Vehumet
Wu Jian
Xom
Yredelemnul
Zin
The Shining One

Shops:
D:3 *

Annotations:
D:11 2 transporters
Lair:2 Fannar


Innate Abilities, Weirdness & Mutations

You have very sharp teeth.
Your uncanny sense of smell can sniff out nearby items.
Your experience applies equally to all skills.


Message History

The culicivora bites you!
* * * LOW HITPOINT WARNING * * *
The culicivora draws strength from your injuries!
The water moccasin bites you but does no damage.
You climb upwards.
There is a stone staircase leading down here.
Unknown command.
Unknown command.
Unknown command.
Blink to where?
Press: ? - help, Dir - move target
As you read the scroll of blinking, it crumbles to dust.
The jumping spider leaps!
Magic restored.
The jumping spider pounces on you but does no damage.
You block the jumping spider's attack. x2
The jumping spider completely misses you.
You climb upwards.
Welcome back to the Dungeon!
Level annotation: 2 transporters
There is a staircase to the Lair here.
Okay, then.
You gain the combat prowess of a mighty hero.
You block the jumping spider's attack.
The jumping spider bites you but does no damage.
You puncture the jumping spider!
The jumping spider writhes in agony.
The jumping spider is moderately wounded.
You block the jumping spider's attack. x2; The jumping spider misses you.
You block the jumping spider's attack.
You hit the jumping spider but do no damage.
The jumping spider writhes in agony.
Your bite misses the jumping spider.
The jumping spider is heavily wounded.
The sentinel's mark upon you fades away.
The jumping spider pounces on you.
* * * LOW HITPOINT WARNING * * *
The jumping spider misses you.
You thump the jumping spider!
The jumping spider writhes in agony.
You bite the jumping spider, but do no damage.
The jumping spider is almost dead.
The jumping spider pounces on you!
You die...

...#....#.#++#..........###
...#....#....+..........#
...#....#....#...######.#
...#....#....#.#.### #.#
...#....#.####.....####.#
...#....#.##.........##†#
...###'##.#...........#.#
............P......P....#
#####..........s@.......#
....#...............P...#######
.)..#######...........#.......#
..........##.........##.......#
..........####.....####.......#
...............#....#.........#
###............#....#.........#
..#............#....#.........#
..#............###'##.........#


You could see a jumping spider.

Vanquished Creatures
  Gastronok (D:8)
  A boulder beetle (D:11)
  A hydra (Lair:1)
  Erica (D:8)
  A two-headed ogre (D:9)
  A dancing weapon (D:6)
  The ghost of DrKleor the Skirmisher, a novice DsFi of Okawaru (D:8)
  A cyclops (D:11)
  An elephant (D:11)
  A manticore (D:11)
  5 cane toads
  4 centaur zombies
  Maurice (D:8)
  Psyche (D:9)
  The ghost of soggyman666 the Firebug, a novice DgFE (D:6)
  A kobold demonologist (D:9)
  Maggie (D:8)
  A komodo dragon (Lair:1)
  A troll (D:10)
  A hornet (D:11)
  A shadow (D:10)
  A wraith (D:10)
  A wyvern (D:9)
  6 yaks
  5 basilisks
  A steam dragon (D:8)
  A water moccasin (D:8)
  An acid dragon (D:11)
  2 black bears
  9 orc warriors
  A hornet zombie (D:8)
  4 ice beasts
  A necrophage (D:5)
  A sky beast (D:4)
  3 ogres (D:5)
  8 centaurs
  A phantom (D:7)
  6 bullfrogs
  9 kobold brigands
  A gnoll sergeant (D:10)
  A scorpion (D:6)
  12 killer bees
  An electric eel (D:10)
  A howler monkey (D:5)
  7 orc priests
  4 jellies
  3 bullfrog skeletons
  3 hounds (D:4)
  A gnoll shaman (D:6)
  Jessica (D:2)
  Terence (D:3)
  2 iguanas
  A scorpion zombie (D:5)
  5 orc wizards
  4 killer bee zombies
  2 hound skeletons
  2 howler monkey zombies
  9 gnolls
  8 adders
  A shadow imp (D:7)
  A white imp (D:5)
  An ufetubus (D:7)
  An adder skeleton (D:4)
  2 worms
  A dart slug (D:1)
  25 orcs
  14 ball pythons
  16 endoplasms
  7 giant cockroaches
  5 goblins
  4 hobgoblins
  8 jackals
  7 quokkas
  9 bats
  4 frilled lizards
  42 kobolds
  4 rats
310 creatures vanquished.

Vanquished Creatures (others)
  5 fungi
  9 plants
14 creatures vanquished.

Grand Total: 324 creatures vanquished

Notes
Turn   | Place    | Note
-------+----------+-------------------------------------------
     0 | D:1      | lordive the Gnoll Fighter began the quest for the Orb.
     0 | D:1      | Reached XP level 1. HP: 23/23 MP: 1/1
   308 | D:1      | Reached XP level 2. HP: 29/29 MP: 2/2
   716 | D:1      | Reached XP level 3. HP: 35/35 MP: 3/3
  1000 | D:2      | Noticed Jessica
  1004 | D:2      | Killed Jessica
  1005 | D:2      | Reached skill level 1 in Short Blades
  1005 | D:2      | Reached skill level 1 in Long Blades
  1005 | D:2      | Reached skill level 1 in Axes
  1005 | D:2      | Reached skill level 1 in Maces & Flails
  1005 | D:2      | Reached skill level 1 in Staves
  1005 | D:2      | Reached skill level 1 in Slings
  1005 | D:2      | Reached skill level 1 in Bows
  1005 | D:2      | Reached skill level 1 in Crossbows
  1005 | D:2      | Reached skill level 1 in Throwing
  1005 | D:2      | Reached skill level 1 in Dodging
  1005 | D:2      | Reached skill level 1 in Stealth
  1005 | D:2      | Reached skill level 1 in Unarmed Combat
  1005 | D:2      | Reached skill level 1 in Spellcasting
  1005 | D:2      | Reached skill level 1 in Invocations
  1005 | D:2      | Reached skill level 1 in Evocations
  1005 | D:2      | Reached XP level 4. HP: 40/41 MP: 5/5
  1190 | D:2      | Found a faded altar of an unknown god.
  1396 | D:2      | Reached skill level 1 in Conjurations
  1396 | D:2      | Reached skill level 1 in Hexes
  1396 | D:2      | Reached skill level 1 in Summonings
  1396 | D:2      | Reached skill level 1 in Necromancy
  1396 | D:2      | Reached skill level 1 in Translocations
  1396 | D:2      | Reached skill level 1 in Transmutations
  1396 | D:2      | Reached skill level 1 in Fire Magic
  1396 | D:2      | Reached skill level 1 in Ice Magic
  1396 | D:2      | Reached skill level 1 in Air Magic
  1396 | D:2      | Reached skill level 1 in Earth Magic
  1396 | D:2      | Reached skill level 1 in Poison Magic
  1689 | D:2      | Reached XP level 5. HP: 45/47 MP: 6/6
  2301 | D:3      | Noticed Terence
  2307 | D:3      | Killed Terence
  3078 | D:3      | Found Deecikk's Assorted Antiques.
  3223 | D:3      | Found a burning altar of Makhleb.
  3459 | D:4      | Noticed a black bear
  3471 | D:4      | Killed a black bear
  3472 | D:4      | Reached skill level 5 in Polearms
  3472 | D:4      | Reached XP level 6. HP: 41/53 MP: 8/8
  3640 | D:4      | Found a glowing drain.
  3679 | Sewer    | Entered a sewer
  3892 | Sewer    | Reached XP level 7. HP: 43/59 MP: 10/10
  4934 | D:4      | Found a glowing golden altar of the Shining One.
  4935 | D:4      | Found a bloodstained altar of Trog.
  4958 | D:4      | Found a staircase to the Ecumenical Temple.
  4965 | Temple   | Entered the Ecumenical Temple
  5177 | Temple   | Became a worshipper of Warmaster Okawaru
  5316 | D:4      | Reached XP level 8. HP: 56/67 MP: 12/12
  5551 | D:5      | Entered Level 5 of the Dungeon
  6110 | D:5      | Paralysed by something for 2 turns
  6846 | D:5      | Reached * piety under Okawaru
  7180 | D:5      | Found a radiant altar of Vehumet.
  7679 | D:6      | Reached XP level 9. HP: 64/72 MP: 14/14
  8184 | D:6      | Found a runed translucent door.
  8184 | D:6      | Found a shimmering altar of Xom.
  8184 | D:6      | Noticed soggyman666's ghost (novice DgFE)
  8185 | D:6      | Noticed a +2 short sword of chaos
  8245 | D:6      | Found the +7 sceptre of Torment {pain, torment}
  8434 | D:6      | Reached ** piety under Okawaru
  8458 | D:6      | Found a glowing silver altar of Zin.
  8967 | D:7      | Reached skill level 5 in Invocations
  9810 | D:8      | Noticed Gastronok
  9811 | D:8      | Found a stormy altar of Qazlal.
  9824 | D:8      | Killed Gastronok
  9824 | D:8      | Reached *** piety under Okawaru
  9824 | D:8      | Reached **** piety under Okawaru
  9825 | D:8      | Reached skill level 5 in Short Blades
  9825 | D:8      | Reached skill level 5 in Long Blades
  9825 | D:8      | Reached skill level 5 in Axes
  9825 | D:8      | Reached skill level 5 in Maces & Flails
  9825 | D:8      | Reached skill level 5 in Staves
  9825 | D:8      | Reached skill level 5 in Slings
  9825 | D:8      | Reached skill level 5 in Bows
  9825 | D:8      | Reached skill level 5 in Crossbows
  9825 | D:8      | Reached skill level 5 in Throwing
  9825 | D:8      | Reached skill level 5 in Dodging
  9825 | D:8      | Reached skill level 5 in Stealth
  9825 | D:8      | Reached skill level 5 in Unarmed Combat
  9825 | D:8      | Reached skill level 5 in Spellcasting
  9825 | D:8      | Reached skill level 5 in Evocations
  9825 | D:8      | Reached XP level 10. HP: 53/82 MP: 15/17
 10277 | D:8      | Found a runed translucent gate.
 10277 | D:8      | Found a runed translucent gate.
 10277 | D:8      | Found a runed translucent gate.
 10277 | D:8      | Noticed DrKleor's ghost (novice DsFi)
 10279 | D:8      | Found a basalt altar of Yredelemnul.
 10333 | D:8      | You fall into a shaft and drop 3 floors!
 10333 | D:11     | Found a transporter.
 10511 | D:11     | Found a transporter.
 10529 | D:11     | Noticed a manticore
 10541 | D:11     | Killed a manticore
 10781 | D:11     | HP: 1/82 [hornet (5)]
 11119 | D:11     | Noticed a cyclops
 11124 | D:11     | Killed a cyclops
 11399 | D:11     | Found a staircase to the Lair.
 11399 | D:11     | Noticed an elephant
 11413 | D:11     | Killed an elephant
 11422 | D:11     | Reached ***** piety under Okawaru
 11505 | D:11     | Noticed a boulder beetle
 11525 | D:11     | Killed a boulder beetle
 11525 | D:11     | Received a gift from Okawaru
 11526 | D:11     | Reached XP level 11. HP: 25/87 MP: 19/19
 11904 | D:10     | Entered Level 10 of the Dungeon
 12225 | D:10     | Reached skill level 5 in Conjurations
 12225 | D:10     | Reached skill level 5 in Hexes
 12225 | D:10     | Reached skill level 5 in Summonings
 12225 | D:10     | Reached skill level 5 in Necromancy
 12225 | D:10     | Reached skill level 5 in Translocations
 12225 | D:10     | Reached skill level 5 in Transmutations
 12225 | D:10     | Reached skill level 5 in Fire Magic
 12225 | D:10     | Reached skill level 5 in Ice Magic
 12225 | D:10     | Reached skill level 5 in Air Magic
 12225 | D:10     | Reached skill level 5 in Earth Magic
 12225 | D:10     | Reached skill level 5 in Poison Magic
 12537 | D:10     | Found a shimmering blue altar of Sif Muna.
 13457 | D:10     | Received a gift from Okawaru
 13747 | D:9      | Found a staircase to the Orcish Mines.
 13863 | D:9      | Noticed Psyche
 13870 | D:9      | Killed Psyche
 14057 | D:9      | Noticed a two-headed ogre
 14060 | D:9      | Identified the +0 hat of Fallacy {rPois Stlth+} (Okawaru
                  | gifted it to you on level 9 of the Dungeon)
 14060 | D:9      | Received a gift from Okawaru
 14063 | D:9      | Killed a two-headed ogre
 14446 | D:8      | Reached ****** piety under Okawaru
 14705 | D:8      | Noticed Maurice
 14710 | D:8      | Killed Maurice
 14747 | D:8      | Noticed Erica
 14757 | D:8      | Killed Erica
 14758 | D:8      | Reached XP level 12. HP: 55/96 MP: 22/22
 15058 | D:8      | Identified the +7 trident "Zyqypn" {flame, Str+3}
 15128 | D:8      | Noticed Maggie
 15139 | D:8      | Killed Maggie
 15446 | D:6      | Killed a +2 short sword of chaos
 15455 | D:6      | Killed soggyman666's ghost
 16129 | D:8      | Killed DrKleor's ghost
 16137 | D:8      | Identified a scroll of acquirement
 16145 | D:8      | Acquired 1207 gold pieces
 16407 | Lair:1   | Entered Level 1 of the Lair of Beasts
 16715 | Lair:1   | Noticed a four-headed hydra
 16723 | Lair:1   | Killed a four-headed hydra
 17217 | D:9      | Learned a level 2 spell: Ensorcelled Hibernation
 18017 | Lair:2   | Noticed Fannar
 18044 | D:11     | HP: 4/97 [jumping spider (6)]
 18045 | D:11     | Mangled by a jumping spider

Illustrated notes

Levels and vault maps discovered:
D:1:      pf_arrival_petrified_forest, layout_loops_corners
D:2:      minmay_recursive_quarters, layout_loops_cross,
          shapermc_ecumenical_altar_pompeii, uniq_jessica
D:3:      layout_loops_corners, mainiacjoe_overflow_surrounded_room,
          serial_shops, nicolae_shop_trees, uniq_terence
D:4:      layout_loops_corners, nicolae_overflow_hidden_temple, temple_statues,
          cheibrodos_sewer_entry_drain
D:5:      layout_loops_corners, lemuel_crystal_altar
D:6:      layout_basic, lemuel_tele_altar, ebering_ghost_xom
D:7:      layout_cave_pods
D:8:      layout_cave_pools, nicolae_yredelemnul_ghost_church,
          nicolae_qazlal_style_of_elements, uniq_maurice, uniq_erica,
          uniq_maggie, uniq_gastronok
D:9:      layout_basic, david_orc_2, grunt_ministairs_15, hex_large, uniq_psyche
D:10:     layout_basic, nicolae_sif_muna_condensation, dk_noncrumbling_2,
          kennysheep_generic_room_9
D:11:     gammafunk_cloud_chamber, layout_irregular_city, david_lair_generic
Temple:   eino_temple_water
Lair:1:   layout_regular_city, small_statue_intersection,
          infiniplex_staircase_pool_2
Lair:2:   layout_cellular_growth, nicolae_spider_entry_tight_spaces, uniq_fannar

Skill      XL: |  1  2  3  4  5  6  7  8  9 10 11 12 |
---------------+-------------------------------------+-----
Short Blades   | 1 2 3 5 6 7 |  7.3
Long Blades    | 1 2 3 5 6 7 |  7.3
Axes           | 1 2 3 5 6 7 |  7.3
Maces & Flails | 1 2 3 5 6 7 |  7.3
Staves         | 1 2 3 5 6 7 |  7.3
Slings         | 1 2 3 5 6 7 |  7.3
Bows           | 1 2 3 5 6 7 |  7.3
Crossbows      | 1 2 3 5 6 7 |  7.3
Throwing       | 1 2 3 5 6 7 |  7.3
Dodging        | 1 2 3 5 6 7 |  7.3
Stealth        | 1 2 3 5 6 7 |  7.3
Unarmed Combat | 1 2 3 5 6 7 |  7.3
Spellcasting   | 1 2 3 5 6 7 |  7.3
Invocations    | 1 2 3 4 5 6 7 8 |  8.0
Evocations     | 1 2 3 5 6 7 |  7.3
Conjurations   | 1 2 3 4 5 6 |  6.1
Hexes          | 1 2 3 4 5 6 |  6.1
Summonings     | 1 2 3 4 5 6 |  6.1
Necromancy     | 1 2 3 4 5 6 |  6.1
Translocations | 1 2 3 4 5 6 |  6.1
Transmutations | 1 2 3 4 5 6 |  6.1
Fire Magic     | 1 2 3 4 5 6 |  6.1
Ice Magic      | 1 2 3 4 5 6 |  6.1
Air Magic      | 1 2 3 4 5 6 |  6.1
Earth Magic    | 1 2 3 4 5 6 |  6.1
Poison Magic   | 1 2 3 4 5 6 |  6.1
Polearms       | 5 6 7 8 |  8.7
Fighting       | 7 8 9 |  9.9
Armour         | 7 8 9 |  9.9
Shields        | 7 8 9 |  9.9

Action                   |  1- 3 |  4- 6 |  7- 9 | 10-12 || total
-------------------------+-------+-------+-------+-------++-------
Melee: Trident           |    61 |    43 |       |    31 ||   135
       Bite              |     5 |    10 |    50 |    53 ||   118
       Flail             |       |   113 |       |       ||   113
       Mace              |       |    32 |   255 |       ||   287
       Eveningstar       |       |       |    76 |   389 ||   465
 Cast: Ensorcelled Hiber |       |       |       |     2 ||     2
Invok: Heroism           |       |       |       |     1 ||     1
  Use: Potion            |       |       |     2 |     5 ||     7
       Scroll            |       |       |       |    22 ||    22
 Stab: Invisible         |       |       |       |     2 ||     2
       Sleeping          |       |       |       |     4 ||     4
       Distracted        |       |       |       |     1 ||     1
Armor: Scale mail        |    14 |    16 |       |       ||    30
       Chain mail        |       |    71 |       |       ||    71
       Leather armour    |       |     6 |       |       ||     6
       Plate armour      |       |       |   242 |   246 ||   488
       Robe              |       |       |       |     6 ||     6
Dodge: Dodged            |    15 |    80 |    82 |   139 ||   316
Block: Buckler           |    10 |    63 |   187 |   286 ||   546
       Reflection        |       |       |     4 |     8 ||    12

Table legend: (Time is in decaauts)
 A = Elapsed time spent in this place.
 B = Non-inter-level travel time spent in this place.
 C = Inter-level travel time spent in this place.
 D = Time resting spent in this place.
 E = Time spent auto-exploring this place.
 F = Levels seen in this place.
 G = Mean time per level.
                   A        B        C        D        E       F      G
               +--------+--------+--------+--------+--------+-----+--------+
         Total |  18353 |  17075 |   1278 |    372 |  14061 |  15 | 1223.5 |
       Dungeon |  15700 |  14519 |   1181 |    372 |  11932 |  11 | 1427.3 |
        Temple |    453 |    434 |     19 |      0 |    384 |   1 |  453.0 |
          Lair |   1539 |   1462 |     77 |      0 |   1315 |   2 |  769.5 |
         Sewer |    659 |    659 |      0 |      0 |    429 |   1 |  659.0 |
               +--------+--------+--------+--------+--------+-----+--------+

Top non-repeatable levels by time:
     D:5: 2069 daAuts
    D:10: 1764 daAuts
    D:11: 1669 daAuts
     D:4: 1618 daAuts
  Lair:1: 1488 daAuts
     D:8: 1474 daAuts
     D:6: 1421 daAuts
     D:3: 1345 daAuts
     D:2: 1235 daAuts
     D:7: 1084 daAuts
     D:1: 1046 daAuts
     D:9: 972 daAuts
   Sewer: 659 daAuts
  Temple: 453 daAuts
  Lair:2: 51 daAuts
